 Dungeon Crawl Stone Soup version 0.28-a0-1234-g826d19b2e0 (webtiles) character file.

Game seed: 3840616814481629337

110478 Htamos the Bludgeoner (level 16, -17/186 HPs)
             Began as a Troll Monk on Dec 24, 2021.
             Was the Champion of Okawaru.
             Demolished by a naga (24 damage)
             ... on level 2 of the Snake Pit.
             The game lasted 00:54:07 (19725 turns).

Htamos the Bludgeoner (Troll Monk)                 Turns: 19725, Time: 00:54:07

Health: -17/186    AC: 26    Str: 23    XL:     16   Next: 7%
Magic:  24/24      EV:  4    Int:  6    God:    Okawaru [******]
Gold:   2089       SH:  0    Dex: 18    Spells: 15/15 levels left

rFire   + . .      SeeInvis .   Q - +9 great mace "Nirphit" {vamp, rF+}
rCold   . . .      Faith    .   (shield currently unavailable)
rNeg    + . .      Spirit   .   F - +1 storm dragon scales
rPois   +          Reflect  .   g - +2 hat
rElec   +          Harm     .   I - +0 cloak
rCorr   .          Rampage  .   (gloves unavailable)
Will    +....                   (boots unavailable)
Stlth   ..........              S - amulet of Vitality {Regen+ HP+15}
HPRegen 2.01/turn               b - +4 ring of protection
MPRegen 0.19/turn               d - ring of Divine Compulsion {rPois rN+ MP+9}

@: about to teleport, constricted, studying Fighting
A: large, unfitting armour, claws 3, regeneration 1, shaggy fur 1, tough skin 1
a: Renounce Religion, Heroism, Finesse, Duel


You were on level 2 of the Snake Pit.
You worshipped Okawaru.
Okawaru was exalted by your worship.
You visited 4 branches of the dungeon, and saw 24 of its levels.
You visited the Abyss 1 time.
You also visited: Sewer and Bailey.

You collected 2089 gold pieces.

Inventory:

Hand Weapons
 p - a +2 vampiric executioner's axe
 u - the +7 giant club "Melaphopt" {flame, Will++}
   (Okawaru gifted it to you on level 12 of the Dungeon)

   It burns those it strikes, dealing additional fire damage.
   Will:      It greatly increases your willpower.
 w - a +2 dire flail of holy wrath
 C - a +2 broad axe of flaming
 J - the +7 mace "Earthworm" {vamp, Fragile rF++ Will+++}
   (You found it on level 6 of the Dungeon)

   It occasionally heals its wielder for a portion of the damage dealt when it
   wounds a living foe.
   rF:        It greatly protects you from fire.
   Fragile:   It will be destroyed if unequipped.
   Will:      It greatly increases your willpower.
 Q - the +9 great mace "Nirphit" (weapon) {vamp, rF+}
   (Okawaru gifted it to you on level 8 of the Dungeon)

   It occasionally heals its wielder for a portion of the damage dealt when it
   wounds a living foe.
   rF:        It protects you from fire.
 X - a +0 giant spiked club
Missiles
 U - 8 throwing nets (quivered)
Armour
 a - the +3 cloak "Akykei" {Harm rPois Will-}
   (Okawaru gifted it to you on level 5 of the Lair of Beasts)

   rPois:     It protects you from poison.
   Harm:      It increases damage dealt and taken.
   Will:      It decreases your willpower.
 g - a +2 hat (worn)
 D - the +18 shield of the Gong {rElec rN+ Will+ EV-5}
   (You found it on level 2 of the Lair of Beasts)

   It is deafeningly noisy when blocking attacks.
   EV:        It affects your evasion (-5).
   rElec:     It insulates you from electricity.
   rN:        It protects you from negative energy.
   Will:      It increases your willpower.
 F - +1 storm dragon scales (worn)
 I - a +0 cloak (worn)
Jewellery
 b - a +4 ring of protection (left claw)
 d - the ring of Divine Compulsion (right claw) {rPois rN+ MP+9}
   (You found it on level 4 of the Dungeon)

   [ring of poison resistance]

   rPois:     It protects you from poison.
   rN:        It protects you from negative energy.
   MP:        It affects your magic capacity (+9).
 e - a ring of protection from fire
 i - a ring of protection from cold
 v - an amulet of the acrobat
 y - a ring of protection from cold
 B - a ring of willpower
 S - the amulet of Vitality (around neck) {Regen+ HP+15}
   (You found it on level 9 of the Dungeon)

   [amulet of regeneration]

   HP:        It affects your health (+15).
   Regen:     It increases your rate of health regeneration.
 Z - a ring of see invisible
Wands
 c - a wand of paralysis (4)
 n - a wand of mindburst (5)
 t - a wand of polymorph (12)
 E - a wand of iceblast (21)
 L - a wand of flame (62)
 V - a wand of digging (3)
Scrolls
 h - 3 scrolls of amnesia
 k - 6 scrolls of immolation
 m - 3 scrolls of enchant armour
 q - 2 scrolls of fear
 r - 3 scrolls of identify {@rr}
 z - a scroll of silence
 P - 2 scrolls of holy word
 R - 2 scrolls of enchant weapon
Potions
 f - 6 potions of haste
 j - 5 potions of mutation
 l - 2 potions of brilliance
 s - a potion of flight
 x - 4 potions of ambrosia
 A - a potion of magic
 G - 6 potions of curing {@qc}
 H - 5 potions of resistance
 K - a potion of cancellation
 M - 2 potions of heal wounds
 O - a potion of might
 T - a potion of berserk rage
 Y - 6 potions of lignification
Miscellaneous
 N - a condenser vane
 W - a tin of tremorstones (2/2)


   Skills:
 + Level 13.7 Fighting
 * Level 19.1 Maces & Flails
 + Level 12.0 Armour
 - Level 2.4 Dodging
 - Level 1.0 Stealth


You had 15 spell levels left.
You didn't know any spells.
Your spell library contained the following spells:

 Spells                   Type           Power      Damage    Failure   Level
 Foxfire                  Conj/Fire      0%         2x1d4     95%         1
 Slow                     Hex            0%         N/A       95%         1
 Sting                    Tmut/Pois      0%         1d3       95%         1
 Confusing Touch          Hex            0%         N/A       100%        3
 Conjure Flame            Conj/Fire      0%         6-21      100%        3
 Frozen Ramparts          Ice            0%         1d2       100%        3
 Gell's Gravitas          Tloc           0%         N/A       100%        3
 Ignite Poison            Fire/Tmut/Pois 0%         N/A       100%        3
 Inner Flame              Hex/Fire       0%         N/A       100%        3
 Lesser Beckoning         Tloc           0%         N/A       100%        3
 Mephitic Cloud           Conj/Pois/Air  0%         N/A       100%        3
 Ozocubu's Armour         Ice            0%         N/A       100%        3
 Portal Projectile        Hex/Tloc       0%         N/A       100%        3
 Teleport Other           Tloc           0%         N/A       100%        3
 Vampiric Draining        Necr           0%         2d6       100%        3
 Flame Wave               Conj/Fire      0%         2d4       100%        4
 Ice Form                 Ice/Tmut       0%         N/A       100%        4
 Leda's Liquefaction      Hex/Erth       0%         N/A       100%        4
 Olgreb's Toxic Radiance  Pois           0%         N/A       100%        4
 Petrify                  Tmut/Erth      0%         N/A       100%        4
 Metabolic Englaciation   Hex/Ice        0%         N/A       100%        5
 Statue Form              Tmut/Erth      0%         N/A       100%        6
 Ozocubu's Refrigeration  Ice            0%         4d5       100%        7
 Chain Lightning          Conj/Air       0%         N/A       100%        9
 Fire Storm               Conj/Fire      0%         5d1       100%        9
 Shatter                  Erth           0%         3d5*      100%        9
 Call Canine Familiar     Summ           Unusable   N/A       N/A         3
 Summon Ice Beast         Ice/Summ       Unusable   N/A       N/A         4

Dungeon Overview and Level Annotations

Branches:
Dungeon (14/15)            Temple (0/1) D:7            Lair (6/6) D:8
 Shoals (0/4) Lair:4        Snake (2/4) Lair:3        Slime (0/5) Lair:5
    Orc (2/2) D:12            Elf (0/3) Orc:2         Sewer (visited)
 Bailey (visited)
 Vaults: D:13-14

Altars:
Ashenzari
Makhleb
Okawaru
Trog
Yredelemnul

Shops:
D:4 [   Orc:2 **[!   Snake:1 *

Annotations:
D:9 exclusion: downstairs
D:11 exclusion: downstairs
Lair:3 2 transporters, niknal's ghost, journeyman DDFi
Snake:1 exclusion: downstairs


Innate Abilities, Weirdness & Mutations

You are too large for most types of armour.
You have claws for hands.
Your natural rate of healing is unusually fast.
You are covered in fur. (AC +1)
You have tough skin. (AC +1)


Message History

* * * LOW HITPOINT WARNING * * *
The naga constricts you.
* * * LOW HITPOINT WARNING * * *
The naga hits you with a +0 dire flail.
* * * LOW HITPOINT WARNING * * *
The naga warrior roars a battlecry!
The naga warrior goes into a battle-frenzy!
The black mamba bites you but does no damage.
The naga mage gestures at you while chanting.
The bolt of poison hits the naga!
The bolt of poison hits you. You resist.
* * * LOW HITPOINT WARNING * * *
The bolt of poison hits the naga!
The naga hits you from afar with a +0 halberd!!
* * * LOW HITPOINT WARNING * * *
Unknown command.
As you read the scroll of teleportation, it crumbles to dust.
You feel strangely unstable.
The black mamba bites you but does no damage.
The naga hits you with a +0 flail!
* * * LOW HITPOINT WARNING * * *
A naga comes into view. It is wielding a +0 dire flail.
The naga hits you with a +0 glaive!
* * * LOW HITPOINT WARNING * * *
The naga constricts you. The naga hits you with a +0 dire flail!
* * * LOW HITPOINT WARNING * * *
The naga hits you but does no damage.
The naga mage casts a spell.
The naga mage seems to speed up.
The black mamba barely misses you.
You feel much better. The naga spits poison at you.
The splash of poison hits you but does no damage.
You resist.
The black mamba bites you but does no damage.
The naga mage hits you from afar with a +0 spear!
* * * LOW HITPOINT WARNING * * *
The naga hits you with a +0 glaive!
* * * LOW HITPOINT WARNING * * *
The naga constricts you. The naga barely misses you.
The naga hits you from afar with a +0 halberd!!
You die... .... .... ..NN.
N....
SNN... #N#N..# ##SNNN#

###@N#
#######.NN##
##.......###
####
##..#######
...###..##
##.....##
#######


You could see a naga warrior (strong), a salamander (strong), a guardian
serpent, a black mamba (curare), a naga mage (fast, strong) and 10 nagas.

Vanquished Creatures
  An orc warlord (Orc:1)
  A dire elephant (Lair:6)
  Snorg (Lair:6)
  An ettin (Orc:1)
  A naga warrior (Snake:1)
  Harold (D:9)
  The ghost of Trumph21 the Fighter, a journeyman DsBe of Trog (Lair:1)
  7 hydras
  Fannar (D:10)
  A merfolk avatar (Lair:6)
  A boulder beetle (D:11)
  2 ogre magi (Orc:2)
  Erica (Lair:1)
  4 anacondas
  2 centaur warriors (D:13)
  A death knight (D:12)
  13 two-headed ogres
  6 death yaks
  4 naga sharpshooters (Snake:1)
  A shock serpent (Snake:1)
  2 deep trolls
  A naga ritualist (Snake:2)
  2 harpies (Lair:6)
  2 deep elf pyromancers
  An oklob plant (Lair:5)
  4 orc knights
  3 mana vipers (Snake:2)
  3 manticores (Lair:6)
  2 ugly things
  An orc sorcerer (Orc:2)
  3 cyclopes
  2 salamanders
  2 merfolk sirens (Lair:4)
  2 elephants (Lair:6)
  2 guardian serpents
  A centaur zombie (D:11)
  5 naga magi
  Joseph (D:7)
  13 black mambas
  A torpor snail (Lair:2)
  Maggie (D:6)
  9 cane toads
  An unseen horror (D:12)
  Psyche (D:10)
  A kobold demonologist (D:13)
  4 rime drakes
  12 komodo dragons
  2 merfolk (Lair:4)
  14 trolls
  A meliai (D:13)
  3 hornets
  A wind drake (Lair:6)
  Grinder (D:3)
  7 polar bears
  Prince Ribbit (D:7)
  13 blink frogs
  12 slime creatures
  A snapping turtle (Lair:6)
  A shadow (D:10)
  3 wraiths
  2 wyverns
  47 yaks
  3 basilisks
  Grum (D:8)
  3 steam dragons
  7 vampire mosquitoes (D:11)
  2 wargs
  10 nagas
  2 acid dragons
  Pargi (Sewer)
  12 water moccasins
  An ice beast (D:8)
  2 black bears
  24 orc warriors
  A sky beast (D:4)
  20 ogres
  26 wolves
  15 centaurs
  A phantom (D:6)
  9 bullfrogs
  A gnoll sergeant (D:6)
  2 kobold brigands
  3 scorpions
  2 water moccasin zombies
  A water moccasin skeleton (D:4)
  A small abomination (Abyss:1)
  8 killer bees
  8 howler monkeys
  A bullfrog zombie (D:5)
  A bullfrog skeleton (D:6)
  2 jellies
  Crazy Yiuf (D:6)
  4 hounds (D:5)
  21 orc priests
  A centaur skeleton (D:7)
  4 iguanas
  Ijyb (D:3)
  Terence (D:2)
  23 orc wizards
  A killer bee zombie (D:8)
  2 hound skeletons (D:4)
  A howler monkey zombie (D:9)
  16 gnolls
  9 adders
  A shadow imp (D:6)
  A white imp (D:6)
  An ufetubus (D:6)
  4 worms
  A dart slug (D:1)
  93 orcs
  2 bats
  12 endoplasms
  5 giant cockroaches
  11 goblins
  11 hobgoblins
  3 quokkas
  9 ball pythons
  5 frilled lizards
  31 kobolds
  5 rats
  3 bushes (Lair:5)
695 creatures vanquished.

Vanquished Creatures (others)
  A naga warrior (Snake:1)
  A guardian serpent (Snake:1)
  A centaur (D:13)
  20 fungi
  33 plants
56 creatures vanquished.

Grand Total: 751 creatures vanquished

Notes
Turn   | Place    | Note
-------+----------+-------------------------------------------
     0 | D:1      | Htamos the Troll Monk began the quest for the Orb.
     0 | D:1      | Reached XP level 1. HP: 22/22 MP: 0/0
   124 | D:1      | Reached skill level 3 in Maces & Flails
   128 | D:1      | Found a faded altar of an unknown god.
   137 | D:1      | Reached XP level 2. HP: 29/29 MP: 1/1
   704 | D:2      | Reached XP level 3. HP: 36/36 MP: 2/2
   725 | D:2      | Reached skill level 1 in Armour
   858 | D:2      | Found a bloodstained altar of Trog.
  1208 | D:2      | Noticed Terence
  1230 | D:2      | Reached XP level 4. HP: 44/44 MP: 3/3
  1249 | D:2      | Killed Terence
  1401 | D:3      | Noticed Grinder
  1405 | D:3      | Found a burning altar of Makhleb.
  1405 | D:3      | Noticed a green death
  1408 | D:3      | Paralysed by Grinder for 2 turns
  1418 | D:3      | Paralysed by Grinder for 2 turns
  1443 | D:3      | Killed Grinder
  1444 | D:3      | Reached skill level 4 in Maces & Flails
  1444 | D:3      | Reached XP level 5. HP: 22/53 MP: 4/4
  1444 | D:3      | Reached XP level 6. HP: 25/61 MP: 5/5
  1531 | D:3      | Found a glowing drain.
  1579 | Sewer    | Entered a sewer
  1631 | Sewer    | Noticed Pargi
  1652 | Sewer    | Killed Pargi
  1653 | Sewer    | Reached skill level 5 in Maces & Flails
  1881 | D:3      | Noticed Ijyb
  1898 | D:3      | Killed Ijyb
  2007 | D:3      | Reached XP level 7. HP: 51/68 MP: 6/6
  2281 | D:4      | Found a broken altar of Ashenzari.
  2300 | D:4      | Found Lacef's Antique Armour Shop.
  2329 | D:4      | Reached skill level 6 in Maces & Flails
  2647 | D:4      | Identified the ring of Divine Compulsion {rPois rN+ MP+9}
  2798 | D:4      | Found an iron altar of Okawaru.
  2846 | D:4      | Reached XP level 8. HP: 56/79 MP: 7/7
  2854 | D:4      | Became a worshipper of Warmaster Okawaru
  2854 | D:4      | Reached * piety under Okawaru
  2854 | D:4      | Reached ** piety under Okawaru
  3143 | D:5      | Entered Level 5 of the Dungeon
  3257 | D:5      | Reached skill level 7 in Maces & Flails
  3867 | D:6      | Reached skill level 5 in Fighting
  3980 | D:6      | Noticed Maggie
  3986 | D:6      | Killed Maggie
  3987 | D:6      | Reached skill level 8 in Maces & Flails
  4019 | D:6      | Reached *** piety under Okawaru
  4207 | D:6      | Reached XP level 9. HP: 88/88 MP: 8/8
  4442 | D:6      | Found a runed translucent door.
  4443 | D:6      | Noticed Crazy Yiuf
  4717 | D:6      | Killed Crazy Yiuf
  4728 | D:6      | Identified the +7 mace "Earthworm" {vamp, Fragile rF++
                  | Will+++}
  4831 | D:7      | Noticed Prince Ribbit
  4955 | D:7      | Found a staircase to the Ecumenical Temple.
  5024 | D:7      | Reached skill level 5 in Armour
  5049 | D:7      | Noticed Joseph
  5308 | D:7      | Killed Joseph
  5308 | D:7      | Reached **** piety under Okawaru
  5309 | D:7      | Reached skill level 9 in Maces & Flails
  5525 | D:7      | Killed Prince Ribbit
  5695 | D:7      | HP: 4/89 [wyvern (13)]
  5695 | D:7      | HP: 1/89 [steam dragon (3)]
  5772 | D:8      | Found a flagged portal.
  5798 | Bailey   | Entered a bailey
  5844 | Bailey   | Noticed an orc warlord
  5874 | Bailey   | Noticed an orc knight
  5912 | Bailey   | Killed an orc knight
  5975 | Bailey   | Found a runed translucent gate.
  5977 | Bailey   | Found a runed translucent gate.
  5978 | Bailey   | Found a runed translucent gate.
  5985 | Bailey   | Noticed an orc knight
  6014 | Bailey   | Killed an orc knight
  6014 | Bailey   | Reached ***** piety under Okawaru
  6015 | Bailey   | Reached XP level 10. HP: 100/100 MP: 9/9
  6305 | Bailey   | Identified the +5 ring mail of the Turtle {rPois rC- rN++
                  | MP+9}
  6357 | D:8      | Reached skill level 10 in Maces & Flails
  6403 | D:7      | Acquired +1 storm dragon scales
  6597 | D:8      | Noticed Grum
  6614 | D:8      | Killed Grum
  6926 | D:8      | Identified the +9 great mace "Nirphit" {vamp, rF+} (Okawaru
                  | gifted it to you on level 8 of the Dungeon)
  6926 | D:8      | Received a gift from Okawaru
  7052 | D:8      | Found a staircase to the Lair.
  7335 | D:9      | Found the amulet of Vitality {Regen+ HP+15}
  7421 | D:9      | Reached skill level 11 in Maces & Flails
  7515 | D:9      | Noticed Harold
  7541 | D:9      | Killed Harold
  7717 | D:9      | Reached XP level 11. HP: 109/109 MP: 10/10
  8080 | D:10     | Entered Level 10 of the Dungeon
  8177 | D:10     | Noticed a green ugly thing
  8188 | D:10     | Killed a green ugly thing
  8234 | D:10     | Noticed a two-headed ogre
  8241 | D:10     | Killed a two-headed ogre
  8241 | D:10     | Received a gift from Okawaru
  8242 | D:10     | Reached skill level 12 in Maces & Flails
  8258 | D:10     | Noticed Psyche
  8264 | D:10     | Cast into level 1 of the Abyss (Psyche)
  8264 | Abyss:1  | Found a corrupted altar of Lugonu.
  8303 | Abyss:1  | Noticed a starcursed mass
  8312 | Abyss:1  | Noticed a starcursed mass
  8322 | D:10     | Escaped the Abyss
  8376 | D:10     | Killed Psyche
  8464 | D:10     | Noticed a two-headed ogre
  8483 | D:10     | Noticed Fannar
  8503 | D:9      | Killed a two-headed ogre
  9045 | D:10     | Killed Fannar
  9588 | D:11     | You fall into a shaft and drop 3 floors!
  9617 | D:14     | Reached skill level 13 in Maces & Flails
  9709 | D:13     | Noticed a centaur warrior
  9717 | D:13     | Reached XP level 12. HP: 122/122 MP: 11/11
  9723 | D:13     | Killed a centaur warrior
  9739 | D:13     | Noticed a centaur warrior
  9747 | D:13     | Killed a centaur warrior
  9747 | D:13     | Reached ****** piety under Okawaru
  9786 | D:13     | Received a gift from Okawaru
 10868 | D:12     | Noticed a death knight
 10991 | D:12     | Noticed a two-headed ogre
 11014 | D:11     | Killed a two-headed ogre
 11087 | D:11     | Reached skill level 14 in Maces & Flails
 11173 | D:12     | Noticed a boulder beetle
 11346 | D:11     | Killed a boulder beetle
 11392 | D:12     | Identified the +7 giant club "Melaphopt" {flame, Will++}
                  | (Okawaru gifted it to you on level 12 of the Dungeon)
 11392 | D:12     | Received a gift from Okawaru
 11427 | D:12     | Found a staircase to the Orcish Mines.
 11440 | D:12     | Noticed a two-headed ogre
 11446 | D:12     | Killed a two-headed ogre
 11454 | D:12     | Reached skill level 15 in Maces & Flails
 11454 | D:12     | Reached XP level 13. HP: 132/132 MP: 12/12
 11902 | Orc:1    | Entered Level 1 of the Orcish Mines
 12213 | Orc:2    | Entered Level 2 of the Orcish Mines
 12266 | Orc:2    | Noticed an ettin
 12355 | Orc:1    | Killed an ettin
 12356 | Orc:1    | Reached XP level 14. HP: 141/141 MP: 13/13
 12575 | Orc:2    | Found a staircase to the Elven Halls.
 12626 | Orc:2    | Reached skill level 10 in Fighting
 12635 | Orc:2    | Reached skill level 16 in Maces & Flails
 12653 | Orc:2    | Received a gift from Okawaru
 12850 | Orc:2    | Reached skill level 10 in Armour
 13166 | Orc:2    | Found Ilef's Assorted Antiques.
 13167 | Orc:2    | Found Urcha's Distillery.
 13209 | Orc:2    | Found Supneut's Assorted Antiques.
 13218 | Orc:2    | Found Eghoirr's Armour Boutique.
 13387 | Orc:1    | Noticed an orc warlord
 13565 | Orc:1    | Killed an orc warlord
 13946 | Lair:1   | Entered Level 1 of the Lair of Beasts
 13980 | Lair:1   | Acquired a manual of Fighting
 14015 | Lair:1   | Found a large runed translucent door.
 14015 | Lair:1   | Found a large runed translucent door.
 14016 | Lair:1   | Noticed Trumph21's ghost (journeyman DsBe)
 14190 | Lair:1   | Noticed Erica
 14191 | Lair:1   | Reached skill level 17 in Maces & Flails
 14199 | Lair:1   | Killed Erica
 14687 | Lair:1   | Killed Trumph21's ghost
 14693 | Lair:1   | Got Sif Muna's Papyrus of Contamination
 14989 | Lair:2   | Received a gift from Okawaru
 15077 | Lair:2   | Found the +18 shield of the Gong {rElec rN+ Will+ EV-5}
 15814 | Lair:3   | Noticed niknal's ghost (journeyman DDFi)
 15834 | Lair:3   | Reached XP level 15. HP: 154/154 MP: 14/14
 15878 | Lair:3   | Found a staircase to the Snake Pit.
 16009 | Lair:3   | Found a transporter.
 16011 | Lair:3   | Found a transporter.
 16404 | Lair:4   | Identified the +5 rapier "Sinomn" {freeze, Str+5 Dex-3}
 16440 | Lair:4   | Identified the +7 short sword "Laiseurch" {flame, Dex+4
                  | Stlth+}
 16636 | Lair:4   | Found a staircase to the Shoals.
 16984 | Lair:5   | Identified the +3 cloak "Akykei" {Harm rPois Will-}
                  | (Okawaru gifted it to you on level 5 of the Lair of Beasts)
 16984 | Lair:5   | Received a gift from Okawaru
 17035 | Lair:5   | Reached skill level 18 in Maces & Flails
 17514 | Lair:5   | Found a staircase to the Slime Pits.
 17665 | Lair:6   | Entered Level 6 of the Lair of Beasts
 17710 | Lair:6   | Noticed Snorg
 17720 | Lair:6   | Killed Snorg
 18635 | Snake:1  | Entered Level 1 of the Snake Pit
 18740 | Snake:1  | Received a gift from Okawaru
 18932 | Snake:1  | Found Arineit's Assorted Antiques.
 18973 | Snake:1  | Found a basalt altar of Yredelemnul.
 19609 | Snake:2  | Reached skill level 19 in Maces & Flails
 19609 | Snake:2  | Reached XP level 16. HP: 170/170 MP: 15/15
 19623 | Snake:2  | HP: 5/185 [asphyx]
 19724 | Snake:2  | HP: 4/186 [naga (15)]
 19725 | Snake:2  | Demolished by a naga

Illustrated notes

Levels and vault maps discovered:
D:1:      doesnt_arrival_eight_statues, layout_loops_ring,
          shapermc_ecumenical_altar_gd
D:2:      layout_loops_ring, basic_altar, minivault_23, minmay_pentomino_z2,
          uniq_terence
D:3:      kennysheep_six_static_rooms, layout_rooms, makhleb_altar_promises_db,
          gup_sewer_entry_glass, uniq_ijyb, uniq_grinder
D:4:      layout_basic, nicolae_ashenzari_skybound, okawaru_trees_2,
          serial_shops, nicolae_shop_advertising_works
          [nicolae_subvault_shop_adworks]
D:5:      layout_loops_ring
D:6:      layout_gridville, uniq_crazy_yiuf_cottage, uniq_maggie
D:7:      layout_gridville, minmay_temple_entry_proselytizer,
          uniq_prince_ribbit1, uniq_joseph
D:8:      layout_gridville, grunt_lair_entry_orc_guard_hut,
          lightli_bailey_entry_fortress, uniq_grum
D:9:      layout_long_grid, uniq_harold
D:10:     layout_long_grid, uniq_psyche, uniq_fannar
D:11:     layout_stronghold
D:12:     layout_loops_ring, erik_orc_4
D:13:     layout_irregular_city, skrybe_vaults_entry_preservation
D:14:     layout_grid_maze, hangedman_decor_slide_cut
Lair:1:   layout_chaotic_city, ebering_ghost_disaster_area,
          chequers_serial_rivers_room_b, lemuel_fruit_tree, uniq_erica
Lair:2:   layout_cave_pods
Lair:3:   layout_big_grid, gammafunk_ghost_hive
Lair:4:   layout_long_grid, elwin_shoals_entry_stream
Lair:5:   layout_small_grid, minmay_slime_entry_oklob_enclosed, wad_woods_06
Lair:6:   gammafunk_lair_ancient_temple, layout_regular_city, uniq_snorg
Snake:1:  layout_grid_shapes, basic_altar, serial_shops, nicolae_diamond_shop
Snake:2:  layout_rooms
Orc:1:    layout_caves
Orc:2:    st_orc_open, layout_caves

Skill      XL: |  1  2  3  4  5  6  7  8  9 10 11 12 13 14 15 16 |
---------------+-------------------------------------------------+-----
Maces & Flails | 3 4 5 6 8 9 11 13 15 17 19 | 19.1
Armour         | 1 2 3 4 5 7 8 9 10 11 12 | 12.0
Fighting       | 3 4 5 6 7 8 9 11 13 | 13.7
Dodging        | |  2.4
Stealth        | |  1.0

Action                   |  1- 3 |  4- 6 |  7- 9 | 10-12 | 13-15 | 16-18 || total
-------------------------+-------+-------+-------+-------+-------+-------++-------
Melee: Unarmed           |    88 |   114 |   105 |       |       |       ||   307
       Mace              |     2 |       |       |       |       |       ||     2
       Giant club        |       |    35 |   320 |   109 |   436 |       ||   900
       Staff             |       |       |    22 |       |       |       ||    22
       Great mace        |       |       |       |   446 |   523 |    33 ||  1002
Invok: Heroism           |       |       |       |     1 |       |       ||     1
       Finesse           |       |       |       |     1 |       |       ||     1
Evoke: Wand              |       |       |    20 |     8 |     7 |       ||    35
  Use: Potion            |       |     2 |     8 |     2 |     1 |     3 ||    16
       Scroll            |       |     1 |     8 |    12 |    11 |     2 ||    34
 Stab: Sleeping          |     3 |     1 |     3 |     1 |       |       ||     8
       Paralysed         |       |       |    14 |       |       |       ||    14
       Distracted        |       |       |       |       |     1 |       ||     1
Armor: Robe              |    26 |    54 |    91 |       |       |       ||   171
       Skin              |       |       |     8 |       |       |       ||     8
       Acid dragon scale |       |       |   160 |    21 |       |       ||   181
       Storm dragon scal |       |       |       |   276 |   605 |    55 ||   936
       Troll leather arm |       |       |       |   148 |   143 |       ||   291
Dodge: Dodged            |    34 |    78 |   280 |   325 |   363 |    32 ||  1112

Table legend: (Time is in decaauts)
 A = Elapsed time spent in this place.
 B = Non-inter-level travel time spent in this place.
 C = Inter-level travel time spent in this place.
 D = Time resting spent in this place.
 E = Time spent auto-exploring this place.
 F = Levels seen in this place.
 G = Mean time per level.
                   A        B        C        D        E       F      G
               +--------+--------+--------+--------+--------+-----+--------+
         Total |  19794 |  18726 |   1068 |    908 |  11611 |  28 |  706.9 |
       Dungeon |  11413 |  10690 |    723 |    428 |   7024 |  14 |  815.2 |
          Lair |   4633 |   4414 |    219 |     85 |   3194 |   6 |  772.2 |
     Snake Pit |   1113 |   1070 |     43 |    167 |    627 |   2 |  556.5 |
  Orcish Mines |   1871 |   1790 |     81 |     52 |    710 |   2 |  935.5 |
         Abyss |     58 |     58 |      0 |      0 |     17 |   2 |   29.0 |
         Sewer |    201 |    201 |      0 |      0 |     38 |   1 |  201.0 |
        Bailey |    502 |    502 |      0 |    176 |      0 |   1 |  502.0 |
               +--------+--------+--------+--------+--------+-----+--------+

Top non-repeatable levels by time:
    D:11: 1509 daAuts
     D:8: 1089 daAuts
    D:10: 1076 daAuts
     D:7: 1018 daAuts
  Lair:2: 982 daAuts
   Orc:2: 963 daAuts
     D:6: 951 daAuts
     D:4: 950 daAuts
 Snake:1: 920 daAuts
  Lair:6: 910 daAuts
   Orc:1: 908 daAuts
     D:9: 841 daAuts
  Lair:4: 836 daAuts
    D:12: 812 daAuts
     D:2: 768 daAuts
